 Dungeon Crawl Stone Soup version 0.22-a0-455-ga0624bf (webtiles) character file.

39 Firecrotchwizard the Shield-Bearer (level 3, 0/20 HPs)
             Began as a Vine Stalker Fighter on June 6, 2018.
             Succumbed to a kobold's poison
             ... on level 1 of the Dungeon.
             The game lasted 00:01:19 (623 turns).

Firecrotchwizard the Shield-Bearer (VSFi)            Turns: 623, Time: 00:01:19

Health: 0/20       AC:  6    Str: 19    XL:     3   Next: 45%
Magic:  4/4        EV:  7    Int:  8    God:
Gold:   67         SH:  0    Dex: 13    Spells: 2/2 levels left

rFire    . . .     SeeInvis .   a - +0 flail
rCold    . . .     Gourm    .   c - +0 shield
rNeg     . . .     Faith    .   b - +0 scale mail
rPois    .         Spirit   +   (no helmet)
rElec    .         Reflect  .   (no cloak)
rCorr    .         Harm     .   (no gloves)
MR       .....                  (no boots)
Stlth    ..........             (no amulet)
HPRegen  0.06/turn              (no ring)
MPRegen  0.09/turn              (no ring)

@: confused, lethally poisoned (0 -> -12)
A: fangs 2, magic shield, antimagic bite, no potion heal 3, rot immunity
a: no special abilities


You were on level 1 of the Dungeon.
You were not hungry.

You visited 1 branch of the dungeon, and saw 1 of its levels.

You collected 67 gold pieces.

Inventory:

Hand Weapons
 a - a +0 flail (weapon)
 l - a +2 dagger of venom
   (You took it off a kobold on level 1 of the Dungeon)
Armour
 b - a +0 scale mail (worn)
 c - a +0 shield (worn)
Scrolls
 h - a scroll of immolation {unknown}
 i - a scroll of teleportation {unknown}
 k - a scroll of amnesia {unknown}
Potions
 d - a potion of might
Comestibles
 f - a ration {@e1}
 g - a chunk of flesh {@w0}


   Skills:
 + Level 3.0 Fighting
 + Level 2.2 Maces & Flails
 + Level 2.7 Armour
 + Level 3.1 Shields


You had 2 spell levels left.
You didn't know any spells.
Your spell library was empty.

Dungeon Overview and Level Annotations

Branches:
Dungeon (1/15)

Altars:


Innate Abilities, Weirdness & Mutations

You have extremely sharp teeth.
When hurt, damage is shared between your health and your magic reserves.
Your bite disrupts and absorbs the magic of your enemies.
Potions cannot restore your health.
You are immune to rotting.


Message History

You see here 17 stones.
A frilled lizard comes into view.
The frilled lizard hisses angrily.
Health restored: 20 A frilled lizard is nearby!
A frilled lizard comes into view.
You barely miss the frilled lizard.
You kill the frilled lizard!
You see here a frilled lizard corpse.
You block the frilled lizard's attack.
You miss the frilled lizard.
You kill the frilled lizard!
No target in view!
No target in view!
You butcher the frilled lizard corpse.
g - a chunk of flesh {@w0} A bat comes into view.
A bat is nearby!
You sock the bat!
You kill the bat!
No target in view!
A frilled lizard comes into view.
The frilled lizard hisses angrily.
A frilled lizard is nearby!
The frilled lizard bites you but does no damage.
You miss the frilled lizard. Your bite misses the frilled lizard.
The frilled lizard bites you.
You take 2 damage, and have 18/20 hp.
You now have 3/4 mp.
You thump the frilled lizard!
You kill the frilled lizard!
No target in view!
You start resting.
Health restored: 20; MP restored: 4
k - a scroll labeled YMETHU ATELI A kobold comes into view.
It is wielding a dagger of venom.
The kobold shouts!
The kobold throws a stone.
The stone hits you but does no damage.
You see here a stone.
The kobold throws a stone.
You block the stone.
You see here a stone.
The kobold throws a stone.
You block the stone.
You see here a stone.
The kobold hits you but does no damage.
You are poisoned.
You miss the kobold. Your bite misses the kobold.
You feel sick. The kobold hits you but does no damage.
You are more poisoned.
The kobold hits you but does no damage.
You are lethally poisoned!
You take 1 damage, and have 19/20 hp.
You closely miss the kobold.
You feel very sick. The kobold closely misses you.
You take 3 damage, and have 16/20 hp.
Unknown command.
You miss the kobold. You bite the kobold. You drain its power.
You feel very sick. The kobold barely misses you. x2
You take 3 damage, and have 13/20 hp.
You are too injured to fight recklessly!
You are too injured to fight recklessly!
You are too injured to fight recklessly!
You hit the kobold.
You kill the kobold!
You feel sick.
You take 2 damage, and have 11/20 hp.
You feel sick.
Things that are here:
a dagger of venom; a stone You take 2 damage, and have 9/20 hp.
There isn't anything to butcher here.
l - a dagger of venom You feel sick.
There is a lethal amount of poison in your body!
It was a potion of magic.
Magic courses through your body.
You feel sick.
You take 1 damage, and have 8/20 hp.
It was a potion of ambrosia.
You are confused.
Your system rejects the healing.
You feel invigorated.
* * * LOW HITPOINT WARNING * * *
You feel sick.
You take 2 damage, and have 6/20 hp.
There is a lethal amount of poison in your body!
There is a lethal amount of poison in your body!
* * * LOW HITPOINT WARNING * * *
You feel sick.
You take 1 damage, and have 5/20 hp.
* * * LOW HITPOINT WARNING * * *
You feel sick.
You take 1 damage, and have 4/20 hp.
* * * LOW HITPOINT WARNING * * *
You feel sick.
You take 1 damage, and have 3/20 hp.
* * * LOW HITPOINT WARNING * * *
You feel sick.
You take 1 damage, and have 2/20 hp.
* * * LOW HITPOINT WARNING * * *
You feel sick.
You take 1 damage, and have 1/20 hp.
You die...

#.#######... ... ##.#
..[ #.# .. # #.# .. .#
####.# #. .# #..... #.
#..# #.##..
#.######..#### #..
#.@.((..........#..
######(#...........
#.##.........#
#.##.####..###
#.#######.##.......#
#............#####.#
#########..(.......###
####..........
###########


There were no monsters in sight!

Vanquished Creatures
  An ooze (D:1)
  2 dart slugs (D:1)
  A leopard gecko (D:1)
  A giant cockroach (D:1)
  7 goblins (D:1)
  2 hobgoblins (D:1)
  2 jackals (D:1)
  6 bats (D:1)
  4 frilled lizards (D:1)
  3 kobolds (D:1)
  A rat (D:1)
30 creatures vanquished.

Notes
Turn   | Place    | Note
-------+----------+-------------------------------------------
     0 | D:1      | Firecrotchwizard the Vine Stalker Fighter began the quest for the Orb.
     0 | D:1      | Reached XP level 1. HP: 11/11 MP: 2/2
    94 | D:1      | Reached XP level 2. HP: 16/16 MP: 3/3
    98 | D:1      | Reached skill level 2 in Maces & Flails
   272 | D:1      | Reached skill level 3 in Shields
   273 | D:1      | Reached skill level 3 in Fighting
   273 | D:1      | Reached XP level 3. HP: 20/20 MP: 4/4
   618 | D:1      | HP: 5/20 [poisoned by a kobold]
   621 | D:1      | HP: 2/20 [poisoned by a kobold]
   623 | D:1      | Succumbed to a kobold's poison

Vault maps used:
D:1:      mushboom_english_gardens

Skill      XL: |  1  2 |
---------------+-------+-----
Maces & Flails | 2 |  2.2
Shields        | 3 |  3.1
Fighting       | 3 |  3.0
Armour         | |  2.7

Action                   || total
-------------------------++-------
Melee: Flail             ||    82
       Bite              ||    20
  Use: Potion            ||     2
Armor: Scale mail        ||    44
Dodge: Dodged            ||    27
Block: Shield            ||    50

Table legend:
 A = Spawn XP
 B = Non-spawn XP
 C = Spawn XP percentage of total XP
 D = Spawn monster count
 E = Non-spawn monster count
 F = Spawn count percentage of total count
 G = Total turns spent on level
                    A         B        C        D         E        F      G
               +---------+---------+-------+---------+---------+-------+---------
         Total |       0 |      56 |   0.0 |       0 |      30 |   0.0 |   623
               +---------+---------+-------+---------+---------+-------+---------
           D:1 |       0 |      56 |   0.0 |       0 |      30 |   0.0 |   623
               +---------+---------+-------+---------+---------+-------+---------

Vault maps used:
D:1:      mushboom_english_gardens

Table legend:
 A = Turns spent in this place as a percentage of turns spent in the entire game.
 B = Non-inter-level travel turns spent in this place as a percentage of non-inter-level travel turns spent in the entire game.
 C = Inter-level travel turns spent in this place as a percentage of turns spent in this place.
 D = Turns resting spent in this place as a percentage of non-inter-level travel turns spent in this place.
 E = Turns spent auto-exploring this place as a percentage of non-inter-level travel turns spent in this place.
 F = Non-inter-level travel turns spent in this place divided by the number of levels of this place that you've seen.
                   A       B       C       D       E      F
               +-------+-------+-------+-------+-------+----------------------
         Total | 100.0 | 100.0 |   0.0 |   5.9 |  65.8 | 623.0
       Dungeon | 100.0 | 100.0 |   0.0 |   5.9 |  65.8 | 623.0
               +-------+-------+-------+-------+-------+----------------------

Table legend:
 A = Kills in this place as a percentage of kills in entire the game.
 B = Kills by you in this place as a percentage of kills by you in the entire game.
 C = Kills by friends in this place as a percentage of kills by friends in the entire game.
 D = Other kills in this place as a percentage of other kills in the entire game.
 E = Experience gained in this place as a percentage of experience gained in the entire game.
 F = Experience gained in this place divided by the number of levels of this place that you have seen.
                   A       B       C       D       E      F
               +-------+-------+-------+-------+-------+----------------------
         Total | 100.0 | 100.0 |   N/A |   N/A | 100.0 |  56.0
       Dungeon | 100.0 | 100.0 |   N/A |   N/A | 100.0 |  56.0
               +-------+-------+-------+-------+-------+----------------------
